AoeStats
← shenyany

Arena

510002901Analyzed
4v4 RM · 5d ago on Sep 29, 2026· 39m 38s· 8 players
Game mode
Random Map
Map size
Large (8 player)
Population
200
Speed
Normal
Resources
Standard
Victory
Conquest
Starting age
Dark Age
Ending age
Imperial Age
RankedLock teamsTeams togetherTeam positionsShared explorationLock speedFull tech treeHidden civsTurbo modeCheats
Victory
Defeat
🇨🇱 Vikings · Chile
590
+18
🇦🇷 Japanese · Argentina
556
+20
🇦🇷 Persians · Argentina
537
+20
🇦🇷 Cumans · Argentina
537
+20
🇲🇽 Britons · Mexico
712
-22
🇯🇵 Mongols · Japan
710
-22
🇨🇳 Portuguese · China
618
-19
🇧🇷 Khmer · Brazil
516
-15
Danilo98332
11:18 Feudal Age
26:30 Castle Age
26:43 Capped Ram
rodrigooboeponce
0:41 Loom
11:50 Feudal Age
12:22 Double-Bit Axe
12:18 Horse Collar
12:31 Gold Mining
12:57 Stone Mining
19:21 Forging
19:11 Scale Mail Armor
19:12 Padded Archer Armor
19:02 Fletching
23:59 Castle Age
24:45 Heavy Plow
24:57 Bow Saw
25:24 Gold Shaft Mining
26:08 Crossbowman
26:58 Squires
26:20 Pikeman
26:47 Arson
30:21 Iron Casting
30:01 Chain Mail Armor
30:02 Leather Archer Armor
29:42 Bodkin Arrow
31:15 Caravan
36:03 Imperial Age
34:36 Elite Skirmisher
37:15 Plate Mail Armor
37:46 Blast Furnace
37:49 Two-Man Saw
37:27 Crop Rotation
36:52 Arbalester
37:46 Capped Ram
Khavy7047
11:06 Feudal Age
12:49 Man-at-Arms
25:05 Castle Age
26:04 Double-Bit Axe
29:50 Bow Saw
35:02 Imperial Age
35:12 Elite Samurai
Mannu5899
11:09 Feudal Age
11:51 Horse Collar
12:49 Double-Bit Axe
13:56 Wheelbarrow
20:48 Castle Age
20:28 Scale Barding Armor
20:25 Gold Mining
22:34 Hand Cart
22:38 Heavy Plow
23:54 Stone Mining
24:22 Bow Saw
26:12 Caravan
29:35 Forging
32:45 Imperial Age
30:03 Loom
31:32 Bloodlines
32:11 Husbandry
32:42 Cavalier
La Morte Noire
10:45 Feudal Age
14:46 Castle Age
13:27 Double-Bit Axe
13:25 Horse Collar
16:27 Wheelbarrow
16:08 Bow Saw
17:48 Heavy Plow
Wendell, O Malakoi
0:44 Loom
12:14 Feudal Age
13:13 Double-Bit Axe
13:36 Horse Collar
14:40 Gold Mining
15:40 Wheelbarrow
14:51 Town Watch
21:28 Castle Age
24:15 Gold Shaft Mining
23:44 Heavy Plow
23:57 Bow Saw
26:42 Imperial Age
26:54 Husbandry
27:05 Bloodlines
26:16 Light Cavalry
27:59 Hand Cart
27:45 Town Patrol
28:40 Stone Mining
30:49 Crop Rotation
30:18 Cavalier
31:44 Stone Shaft Mining
32:48 Heavy Scorpion
35:47 Fortified Wall
RuinMireia
11:13 Feudal Age
13:18 Double-Bit Axe
13:17 Horse Collar
15:39 Castle Age
16:30 Bow Saw
16:21 Heavy Plow
shenyany
2:23 Loom
12:04 Feudal Age
14:10 Horse Collar
17:31 Castle Age
17:00 Double-Bit Axe
Connection lost

Rejoining the realm…

Still unreachable

The connection could not be restored.

Session expired

The server has moved on; the page needs a fresh start.